 Dungeon Sprint DCSS version 0.21-a0-297-ga3d34c2 (webtiles) character file.

9 potatolord6000 the Insei (level 2, -1/23 HPs)
             Began as a Gnoll Transmuter on Sept 28, 2017.
             Was an Initiate of Vehumet.
             Slain by a worker ant (6 damage)
             ... in the Dungeon (Sprint VII: "The Pits").
             The game lasted 00:01:21 (257 turns).

potatolord6000 the Insei (Gnoll Transmuter)          Turns: 257, Time: 00:01:23

Health: -1/23      AC:  2    Str: 12    XL:     2   Next: 16%
Magic:  7/8        EV: 15    Int: 15    God:    Vehumet [......]
Gold:   0          SH:  0    Dex: 15    Spells: 10/11 levels left

rFire    . . .     SeeInvis .     - Unarmed
rCold    . . .     Gourm    .   (no shield)
rNeg     . . .     Faith    .   b - +0 robe
rPois    .         Spirit   .   (no helmet)
rElec    .         Reflect  .   (no cloak)
rCorr    .         Harm     .   (no gloves)
MR       .....     NoTele   +   (no boots)
Stlth    +.........             (no amulet)
HPRegen  0.07/turn              (no ring)
MPRegen  0.11/turn              (no ring)

@: lethally poisoned (-1 -> -10), appendage
A: distributed training, fangs 1, horns 2, strong nose
a: End Transformation, Renounce Religion


You were in the Dungeon.
You worshipped Vehumet.
Vehumet was noncommittal.
You were not hungry.
You had grown temporary horns.
You visited 1 branch

Inventory:

Missiles
 a - 12 arrows
Armour
 b - a +0 robe (worn)
Scrolls
 j - a scroll of blinking
 l - 3 scrolls of remove curse
 m - 5 scrolls of amnesia
 n - a scroll of summoning
Potions
 f - a potion of heal wounds
 g - a potion of haste
 h - 4 potions of magic
 i - 3 potions of berserk rage
 k - 2 potions of invisibility
Books
 c - a book of Changes

   Spells                             Type                      Level
   a - Beastly Appendage              Transmutation                1
   b - Sticks to Snakes               Transmutation                2
   c - Spider Form                    Transmutation/Poison         3
   d - Ice Form                       Ice/Transmutation            4
   e - Blade Hands                    Transmutation                5
Comestibles
 d - 8 bread rations
 o - 40 fruits
 p - 7 meat rations


   Skills:
 + Level 2.8 Fighting
 + Level 1.3 Short Blades
 + Level 0.8 Long Blades
 + Level 1.3 Axes
 + Level 0.8 Maces & Flails
 + Level 1.3 Polearms
 + Level 1.7 Staves
 + Level 1.3 Slings
 + Level 0.8 Bows
 + Level 0.0 Crossbows
 + Level 1.3 Throwing
 + Level 2.0 Armour
 + Level 4.7 Dodging
 + Level 0.0 Stealth
   Level 0.0 Stabbing
 + Level 0.0 Shields
   Level 0.0 Traps
 + Level 6.6 Unarmed Combat
 + Level 5.0 Spellcasting
 + Level 1.7 Conjurations
 + Level 1.3 Hexes
 + Level 1.7 Charms
 + Level 0.0 Summonings
 + Level 0.8 Necromancy
 + Level 0.0 Translocations
 + Level 4.7 Transmutations
 + Level 0.0 Fire Magic
 + Level 0.0 Ice Magic
 + Level 0.8 Air Magic
 + Level 0.0 Earth Magic
 + Level 0.8 Poison Magic
 + Level 1.7 Invocations
 + Level 1.3 Evocations


You had 10 spell levels left.
You knew the following spells:

 Your Spells              Type           Power        Failure   Level  Hunger
a - Beastly Appendage     Tmut           ###...       2%          1    None


Dungeon Overview and Level Annotations

Branches:
Dungeon (1/1)

Altars:
Ashenzari
Cheibriados
Dithmenos
Elyvilon
Fedhas
Gozag
Hepliaklqana
Kikubaaqudgha
Makhleb
Nemelex Xobeh
Okawaru
Qazlal
Ru
Sif Muna
Trog
Uskayaw
Vehumet
Wu Jian
Xom
Yredelemnul
Zin
The Shining One
Beogh
Jiyva
Lugonu


Innate Abilities, Weirdness & Mutations

Your experience applies equally to all skills.
You have very sharp teeth.
Your uncanny sense of smell can sniff out nearby items.
You have a pair of horns on your head.


Message History

You closely miss the worker ant.
The worker ant is moderately wounded.
The worker ant completely misses you.
Unknown command.
Casting: Beastly Appendage
Confirm with . or Enter, or press ? or * to list all spells.
You extend your transformation's duration.
The worker ant misses you.
You closely miss the worker ant.
The worker ant is moderately wounded.
The worker ant bites you.
* * * LOW HITPOINT WARNING * * *
You are lethally poisoned!
The worker ant poisons you!
Unknown command.
You punch the worker ant!
The worker ant is almost dead.
* * * LOW HITPOINT WARNING * * *
You feel sick. The worker ant bites you.
You die...

############
#_________.#
#_________.#
#_______...###########++
##########'##...........
#.?(.')))'.##......#..#.
##########.##...........
#..........÷'...........
#+#####@#####......#..#.
#...†a#∆∆ #...........
#.....#∆∆ ####'#####++
###+###∆∆ #.......# ∆∆
#.......# ∆∆ #.......#
#...<...# #.......#
#.......#


You could see a worker ant.

Vanquished Creatures
  A river rat (D)
  A frilled lizard (D)
2 creatures vanquished.

Notes
Turn   | Place    | Note
-------+----------+-------------------------------------------
     0 | D        | potatolord6000 the Gnoll Transmuter began the quest for the Orb.
     0 | D        | Reached XP level 1. HP: 17/17 MP: 6/6
    29 | D        | Reached skill level 1 in Short Blades
    29 | D        | Reached skill level 1 in Axes
    29 | D        | Reached skill level 1 in Polearms
    29 | D        | Reached skill level 1 in Staves
    29 | D        | Reached skill level 1 in Slings
    29 | D        | Reached skill level 1 in Throwing
    29 | D        | Reached skill level 5 in Spellcasting
    29 | D        | Reached skill level 1 in Conjurations
    29 | D        | Reached skill level 1 in Hexes
    29 | D        | Reached skill level 1 in Charms
    29 | D        | Reached skill level 1 in Invocations
    29 | D        | Reached skill level 1 in Evocations
    29 | D        | Reached XP level 2. HP: 8/23 MP: 6/8
    61 | D        | Found a bloodstained altar of Trog.
    61 | D        | Found a deep blue altar of Sif Muna.
    61 | D        | Found a viscous altar of Jiyva.
    61 | D        | Found a hazy altar of Hepliaklqana.
    61 | D        | Found an opulent altar of Gozag.
    62 | D        | Found a glowing golden altar of the Shining One.
    62 | D        | Found a glowing silver altar of Zin.
    62 | D        | Found a basalt altar of Yredelemnul.
    62 | D        | Found a shimmering altar of Xom.
    62 | D        | Found an ornate altar of the Wu Jian Council.
    62 | D        | Found a sacrificial altar of Ru.
    62 | D        | Found a stormy altar of Qazlal.
    62 | D        | Found an iron altar of Okawaru.
    62 | D        | Found a sparkling altar of Nemelex Xobeh.
    62 | D        | Found a burning altar of Makhleb.
    62 | D        | Found a blossoming altar of Fedhas.
    62 | D        | Found a white marble altar of Elyvilon.
    62 | D        | Found a shadowy altar of Dithmenos.
    62 | D        | Found a snail-covered altar of Cheibriados.
    65 | D        | Found a corrupted altar of Lugonu.
    65 | D        | Found a radiant altar of Vehumet.
    65 | D        | Found a roughly hewn altar of Beogh.
    66 | D        | Found an ancient bone altar of Kikubaaqudgha.
    66 | D        | Found a hide-covered altar of Uskayaw.
    66 | D        | Found a shattered altar of Ashenzari.
    74 | D        | Became a worshipper of Vehumet
   257 | D        | Slain by a worker ant

Vault maps used:
D:        pitsprint

Skill      XL: |  1 |
---------------+----+-----
Short Blades   | 1 |  1.3
Axes           | 1 |  1.3
Polearms       | 1 |  1.3
Staves         | 1 |  1.7
Slings         | 1 |  1.3
Throwing       | 1 |  1.3
Armour         | 2 |  2.0
Spellcasting   | 5 |  5.0
Conjurations   | 1 |  1.7
Hexes          | 1 |  1.3
Charms         | 1 |  1.7
Invocations    | 1 |  1.7
Evocations     | 1 |  1.3
Fighting       | |  2.8
Long Blades    | |  0.8
Maces & Flails | |  0.8
Bows           | |  0.8
Dodging        | |  4.7
Unarmed Combat | |  6.6
Necromancy     | |  0.8
Transmutations | |  4.7
Air Magic      | |  0.8
Poison Magic   | |  0.8

Action                   || total
-------------------------++-------
Melee: Unarmed           ||    31
       Headbutt          ||     5
       Bite              ||     2
       Punch             ||     1
 Cast: Beastly Appendage ||     3
  Use: Potion            ||     1
Dodge: Dodged            ||    21

Table legend:
 A = Spawn XP
 B = Non-spawn XP
 C = Spawn XP percentage of total XP
 D = Spawn monster count
 E = Non-spawn monster count
 F = Spawn count percentage of total count
 G = Total turns spent on level
                    A         B        C        D         E        F      G
               +---------+---------+-------+---------+---------+-------+---------
         Total |       0 |      14 |   0.0 |       0 |       2 |   0.0 |   257
               +---------+---------+-------+---------+---------+-------+---------
             D |       0 |      14 |   0.0 |       0 |       2 |   0.0 |   257
               +---------+---------+-------+---------+---------+-------+---------
